 Dungeon Crawl Stone Soup version 0.32-a0-630-g46d191b0ed (webtiles) character file.

Game seed: 13912031117761524699

62 ezpacito the Chopper (level 4, -1/35 HPs)
             Began as a Coglin Chaos Knight on Mar 6, 2024.
             Was a Plaything of Xom.
             Slain by an adder (2 damage)
             ... on level 2 of the Dungeon.
             The game lasted 00:02:00 (886 turns).

ezpacito the Chopper (Coglin Chaos Knight)           Turns: 886, Time: 00:02:00

Health: -1/35      AC:  5    Str: 13 (15) XL:     4   Next: 8%
Magic:  4/4        EV: 11    Int: 10 (11) God:    Xom [..*...]
Gold:   75         SH:  0    Dex: 11 (13) Spells: 4/4 levels left

rFire   . . .        a - +0 hand axe (chaos) {Bunsong}
rCold   . . .        d - +0 dagger (drain) {Tiedemann}
rNeg    . . .        b - +2 leather armour
rPois   .            (no helmet)
rElec   .            (no cloak)
rCorr   .            (no gloves)
SInv    .            (no boots)
Will    .....        (amulet unavailable)
Stlth   +            (ring unavailable)
HPRegen 0.25/turn    (ring unavailable)
MPRegen 0.09/turn    (no gizmo)

%: no passive effects
@: lethally poisoned (-1 -> -5), revved
A: off-hand wielding, slow wielding, warmup strikes, no jewellery
a: Invent Gizmo, Renounce Religion


You were on level 2 of the Dungeon.
You worshipped Xom.
You were a toy of Xom.
You visited 1 branch of the dungeon, and saw 2 of its levels.

You collected 75 gold pieces.

Inventory:

Hand Weapons
 a - a +0 hand axe of chaos (weapon) {Bunsong}
 d - a +0 dagger of draining (offhand) {Tiedemann}
Missiles
 m - 5 atropa-tipped darts (quivered)
Armour
 b - a +2 leather armour (worn)
 g - a +0 pair of gloves
Scrolls
 f - a scroll of brand weapon
 j - a scroll of noise {unknown}
 l - a scroll of identify {unknown}


   Skills:
 * Level 3.3 Fighting
 * Level 3.4(3.5) Axes
 + Level 0.7(2.1) Polearms
 * Level 2.2 Armour
 * Level 1.4 Dodging
 + Level 0.3 Stealth
 + Level 0.6 Spellcasting


You had 4 spell levels left.
You didn't know any spells.
Your spell library contained the following spells:

 Spells                   Type           Power      Damage    Failure   Level
 Sting                    Conj/Alch      0%         1d3       43%         1
 Mercury Vapours          Alch/Air       0%         N/A       56%         2
 Olgreb's Toxic Radiance  Alch           0%         N/A       99%         4


Dungeon Overview and Level Annotations

Branches:
Dungeon (2/15)

Altars:


Innate Abilities, Weirdness & Mutations

You can wield a second weapon in your off-hand.
It takes a long time for you to wield or remove held weapons.
Your first few attacks do less damage.
You cannot equip rings or amulets.


Message History

You hit the kobold but do no damage.
The kobold suddenly seems more resistant.
The kobold is moderately wounded.
You barely miss the kobold with your +0 dagger.
The kobold barely misses you. The adder bites you but does no damage.
You barely miss the adder with your +0 hand axe of chaos.
You closely miss the adder with your +0 dagger.
The adder barely misses you. The adder bites you.
You are poisoned.
The adder poisons you!
You take 1 damage, and have 11/35 hp.
You miss the adder with your +0 hand axe of chaos.
You barely miss the adder with your +0 dagger.
You feel sick. The adder bites you.
* * * LOW HITPOINT WARNING * * *
You take 4 damage, and have 7/35 hp.
You feel sick. The adder attacks as it pursues you!
The adder barely misses you.
You take 1 damage, and have 6/35 hp.
You feel sick. The adder closely misses you.
You take 1 damage, and have 5/35 hp.
You feel sick. The adder attacks as it pursues you! The adder bites you.
* * * LOW HITPOINT WARNING * * *
You are lethally poisoned!
The adder poisons you!
You take 1 damage, and have 4/35 hp.
As you read the scroll labelled IXKIGA ZASOTUC, it crumbles to dust.
It is a scroll of brand weapon.
Your +0 dagger {Tiedemann} craves living souls!
d - a +0 dagger of draining (offhand) {Tiedemann}
* * * LOW HITPOINT WARNING * * *
You feel sick. The adder barely misses you.
You take 2 damage, and have 2/35 hp.
You barely miss the adder with your +0 hand axe of chaos.
You completely miss the adder with your +0 dagger of draining.
* * * LOW HITPOINT WARNING * * *
You feel sick. The adder bites you.
You die...

##...##...
......
#.#.#.###..
# ##...##
S.. ##.##
.... #.#
###.#####
#.KK....#
#.#S###.#
#.#@# #
#..# ##.#
.. ... .##.
.. .. ## ##


You could see an adder and 2 kobolds.

Vanquished Creatures
  2 adders (D:2)
  A dart slug (D:1)
  4 bats (D:1)
  An endoplasm (D:1)
  3 giant cockroaches (D:1)
  A goblin (D:1)
  6 hobgoblins
  3 jackals (D:2)
  3 quokkas
  5 ball pythons
  3 frilled lizards (D:1)
  3 kobolds (D:1)
  3 rats
38 creatures vanquished.

Notes
Turn   | Place    | Note
-------+----------+-------------------------------------------
     0 | D:1      | ezpacito the Coglin Chaos Knight began the quest for the
                  | Orb.
     0 | D:1      | Reached XP level 1. HP: 18/18 MP: 1/1
    21 | D:1      | Reached skill level 1 in Dodging
    40 | D:1      | XOM: silly message
    71 | D:1      | Reached XP level 2. HP: 24/24 MP: 2/2
   204 | D:1      | Reached XP level 3. HP: 28/29 MP: 3/3
   523 | D:2      | XOM: divination: detect items
   529 | D:2      | XOM: silly message
   696 | D:2      | Reached XP level 4. HP: 19/35 MP: 4/4
   886 | D:2      | HP: 1/35 [poisoned by an adder]
   886 | D:2      | Slain by an adder

Illustrated notes

Levels and vault maps discovered:
D:1:      spicycebolla_arrival_clurvy, layout_rooms
D:2:      layout_loops_cross, uniq_natasha, uniq_robin

Skill      XL: |  1  2 |
---------------+-------+-----
Dodging        | 1 |  1.4
Armour         | 2 |  2.2
Fighting       | |  3.3
Axes           | |  3.4
Polearms       | |  0.7
Stealth        | |  0.3
Spellcasting   | |  0.6

Action                     |  1- 3 |  4- 6 || total
---------------------------+-------+-------++-------
  Melee: Hand axe          |    81 |    19 ||   100
         Dagger            |    79 |    19 ||    98
    Use: Potion            |     4 |       ||     4
         Scroll            |       |     2 ||     2
 Armour: Leather armour    |    63 |    20 ||    83
         Skin              |     1 |       ||     1
  Dodge: Dodged            |    63 |    16 ||    79

Table legend: (Time is in decaauts)
 A = Elapsed time spent in this place.
 B = Non-inter-level travel time spent in this place.
 C = Inter-level travel time spent in this place.
 D = Time resting spent in this place.
 E = Time spent auto-exploring this place.
 F = Levels seen in this place.
 G = Mean time per level.
                   A        B        C        D        E       F      G
               +--------+--------+--------+--------+--------+-----+--------+
         Total |    892 |    847 |     45 |    105 |    496 |   2 |  446.0 |
       Dungeon |    892 |    847 |     45 |    105 |    496 |   2 |  446.0 |
               +--------+--------+--------+--------+--------+-----+--------+

Top non-repeatable levels by time:
     D:1: 514 daAuts
     D:2: 378 daAuts
